 Dungeon Crawl Stone Soup version 0.28.0 (webtiles) character file.

Game seed: 7729999773976211267

131 HallandMoats the Chopper (level 4, -7/41 HPs)
             Began as a Minotaur Monk on Feb 6, 2022.
             Mangled by a gnoll (9 damage)
             ... on level 3 of the Dungeon.
             The game lasted 00:01:29 (2195 turns).

HallandMoats the Chopper (Minotaur Monk)            Turns: 2195, Time: 00:01:29

Health: -7/41      AC:  3    Str: 16    XL:     4   Next: 91%
Magic:  3/3        EV: 13    Int:  7    God:
Gold:   70         SH:  0    Dex: 14    Spells: 3/3 levels left

rFire   . . .      SeeInvis .   a - +0 hand axe
rCold   . . .      Faith    .   (no shield)
rNeg    . . .      Spirit   .   p - +0 leather armour
rPois   .          Reflect  .   (helmet restricted)
rElec   .          Harm     .   (no cloak)
rCorr   .          Rampage  .   (no gloves)
Will    .....                   (no boots)
Stlth   ++........              (no amulet)
HPRegen 0.13/turn               (no ring)
MPRegen 0.08/turn               (no ring)

@: no status effects
A: horns 2, retaliatory headbutt
a: no special abilities


You were on level 3 of the Dungeon.
You visited 1 branch of the dungeon, and saw 3 of its levels.

You collected 70 gold pieces.

Inventory:

Hand Weapons
 a - a +0 hand axe (weapon)
Armour
 p - a +0 leather armour (worn)
Jewellery
 g - a ring of fire
Scrolls
 c - a scroll of immolation {unknown}
 d - 4 scrolls of identify {unknown}
 f - a scroll of amnesia {unknown}
 k - a scroll of enchant weapon {unknown}
 l - a scroll of teleportation {unknown}
 m - a scroll of enchant armour {unknown}
 n - a scroll of fear {unknown}
Potions
 b - a potion of might {unknown}
 e - 3 potions of curing {unknown}
 h - 2 potions of lignification {unknown}
 i - a potion of attraction {unknown}
 j - 2 potions of heal wounds {unknown}
 o - a potion of degeneration {unknown}


   Skills:
 * Level 4.6 Fighting
 * Level 4.7 Axes
 + Level 1.5 Armour
 + Level 3.8 Dodging
 + Level 2.0 Stealth
 + Level 1.3 Invocations


You had 3 spell levels left.
You didn't know any spells.
Your spell library was empty.

Dungeon Overview and Level Annotations

Branches:
Dungeon (3/15)

Altars:
Nemelex Xobeh
Ru
Wu Jian


Innate Abilities, Weirdness & Mutations

You have a pair of horns on your head.
You reflexively headbutt those who attack you in melee.


Message History

3 gnolls come into view.
The gnoll shouts!
The gnoll moves out of view.
The gnoll hits you with a +3 spear. The gnoll barely misses you.
A gnoll comes into view. It is wielding a +0 spear.
The gnoll shouts!
The adder hisses angrily.
You hit the gnoll.
The gnoll is lightly wounded.
The gnoll hits you with a +3 spear. The gnoll barely misses you.
The adder misses you. You furiously retaliate!
You headbutt the adder!
You kill the adder!
You hit the gnoll.
The gnoll is moderately wounded.
The gnoll hits you with a +3 spear.
The gnoll hits you from afar with a +0 halberd.
You hit the gnoll but do no damage.
The gnoll is moderately wounded.
The gnoll hits you with a +3 spear! The gnoll misses you.
The gnoll hits you from afar with a +0 spear.
You are too injured to fight recklessly!
You are too injured to fight recklessly!
You are too injured to fight recklessly!
You are too injured to fight recklessly!
You are too injured to fight recklessly!
You are too injured to fight recklessly!
You are too injured to fight recklessly!
You are too injured to fight recklessly!
You are too injured to fight recklessly!
You are too injured to fight recklessly!
You are too injured to fight recklessly!
You are too injured to fight recklessly!
You are too injured to fight recklessly!
Unknown command.
The gnoll closely misses you. You furiously retaliate!
You headbutt the gnoll. The gnoll hits you with a +0 halberd!
* * * LOW HITPOINT WARNING * * *
The gnoll closely misses you.
You see here an adder corpse.
The gnoll hits you from afar with a +3 spear!
You die...

.. ... #####.# ###..... #
.......# #...# #. ...#g.
#...# #..##gg#.. #...#
#...@gg#.# #...# #...##.#.#
#...# ##...##.#.# #...#
........(...#######
###...###.###...###.##.....#
................##.#.#.....#
...†..............###......#
...............#.#.#.#.....#
###...###<##.^.#.##.##.....#


You could see 4 gnolls.

Vanquished Creatures
  A hound (D:2)
  Jessica (D:3)
  3 adders
  A worm (D:3)
  A dart slug (D:2)
  3 orcs (D:3)
  6 ball pythons
  2 endoplasms
  3 giant cockroaches
  2 goblins
  2 hobgoblins (D:1)
  3 jackals (D:3)
  3 kobolds
  2 quokkas
  3 bats (D:3)
  2 frilled lizards
  A rat (D:3)
39 creatures vanquished.

Notes
Turn   | Place    | Note
-------+----------+-------------------------------------------
     0 | D:1      | HallandMoats the Minotaur Monk began the quest for the Orb.
     0 | D:1      | Reached XP level 1. HP: 19/19 MP: 0/0
   409 | D:1      | Reached XP level 2. HP: 25/27 MP: 1/1
  1081 | D:2      | Reached XP level 3. HP: 27/33 MP: 2/2
  1195 | D:2      | Reached skill level 1 in Armour
  1238 | D:2      | Found a sparkling altar of Nemelex Xobeh.
  1335 | D:2      | Found a faded altar of an unknown god.
  1546 | D:3      | Noticed Jessica
  1551 | D:3      | Reached skill level 1 in Invocations
  1551 | D:3      | Reached XP level 4. HP: 36/41 MP: 3/3
  1553 | D:3      | Killed Jessica
  2139 | D:3      | Found an ornate altar of the Wu Jian Council.
  2140 | D:3      | Found a sacrificial altar of Ru.
  2194 | D:3      | HP: 2/41 [gnoll (12)]
  2195 | D:3      | Mangled by a gnoll

Illustrated notes

Levels and vault maps discovered:
D:1:      giann_bridges, layout_basic
D:2:      layout_basic, basic_altar, shapermc_ecumenical_altar_totnotflames
D:3:      layout_loops_cross, mainiacjoe_overflow_divided_tiny,
          serial_park_tiny_pond, minivault_4, uniq_jessica

Skill      XL: |  1  2  3  4 |
---------------+-------------+-----
Axes           | 4 |  4.7
Fighting       | 4 |  4.6
Armour         | 1 |  1.5
Invocations    | 1 |  1.3
Stealth        | 2 |  2.0
Dodging        | |  3.8

Action                   |  1- 3 |  4- 6 || total
-------------------------+-------+-------++-------
Melee: Hand axe          |    46 |    33 ||    79
       Headbutt          |     8 |     2 ||    10
 Stab: Sleeping          |     2 |       ||     2
Armor: Robe              |     7 |       ||     7
       Leather armour    |       |     2 ||     2
Dodge: Dodged            |    44 |    24 ||    68
